 Dungeon Crawl Stone Soup version 0.29.1 (webtiles) character file.

Game seed: 8916800674921050237

1171 qw the Cleaver (level 8, -4/49 HPs)
             Began as a Gargoyle Fighter on Sept 13, 2022.
             Slain by a steam dragon (8 damage)
             ... on level 6 of the Dungeon.
             The game lasted 00:01:52 (4822 turns).

qw the Cleaver (Gargoyle Fighter)                   Turns: 4822, Time: 00:01:53

Health: -4/49      AC: 19    Str: 22    XL:     8   Next: 41%
Magic:  8/8        EV:  6    Int:  9    God:
Gold:   433        SH:  4    Dex:  9    Spells: 7/7 levels left

rFire   . . .      SeeInvis .   Y - +1 war axe
rCold   . . .      Faith    .   c - +0 buckler
rNeg    + . .      Spirit   .   q - +0 plate armour
rPois   inf        Reflect  .   (no helmet)
rElec   +          Harm     .   (no cloak)
rCorr   .          Rampage  .   o - +0 pair of gloves
Will    .....                   f - +0 pair of boots
Stlth   ..........              (no amulet)
HPRegen 0.16/turn               (no ring)
MPRegen 0.11/turn               (no ring)

@: no status effects
A: sickness immunity, AC +5, negative energy resistance 1, electricity
resistance, torment resistance 1, petrification resistance
a: no special abilities


You were on level 6 of the Dungeon.
You visited 1 branch of the dungeon, and saw 6 of its levels.

You collected 433 gold pieces.


Innate Abilities, Weirdness & Mutations

You are immune to sickness and miasma.
Your stone body is resilient. (AC +5)
You are immune to poison.
You resist negative energy. (rN+)
You are resistant to electric shocks. (rElec)
You are resistant to unholy torment.
You are immune to petrification.


   Skills:
 - Level 5.0 Fighting
 - Level 12.0 Axes
 - Level 2.8 Throwing
 + Level 4.2 Armour
 - Level 1.0 Dodging
 - Level 3.2 Shields


You had 7 spell levels left.
You didn't know any spells.
Your spell library was empty.

Inventory:

Hand Weapons
 e - a +1 hand axe of flaming
 Y - a +1 war axe (weapon)
Missiles
 i - 5 javelins (quivered)
 l - 9 boomerangs
 n - 4 silver boomerangs
Armour
 c - a +0 buckler (worn)
 f - a +0 pair of boots (worn)
 o - a +0 pair of gloves (worn)
 q - a +0 plate armour (worn)
Scrolls
 h - a scroll of identify
 p - 3 scrolls of fog
Potions
 b - a potion of haste
 d - 3 potions of might
 k - a potion of resistance {unknown}
 m - a potion of curing {unknown}

Dungeon Overview and Level Annotations

Branches:
Dungeon (6/15)
 Temple: D:4-7

Altars:
Ashenzari
Cheibriados
Makhleb
Qazlal
Ru
Sif Muna
Uskayaw
Vehumet

Shops:
D:4 (


Message History

4813 ||| Stepping randomly (cloudy).
You are engulfed in a cloud of scalding steam.
You're standing in a cloud of steam!
You're standing in a cloud of steam!
4814 ||| Stepping randomly (cloudy).
You are engulfed in a cloud of scalding steam.
The steam dragon bites you but does no damage.
The steam dragon claws you but does no damage.
A centaur comes into view.
The centaur shouts!
You hit the steam dragon but do no damage.
You are engulfed in a cloud of scalding steam.
You block the steam dragon's attack.
The steam dragon claws you but does no damage.
You barely miss the steam dragon.
You are engulfed in a cloud of scalding steam.
You block the steam dragon's attack.
The steam dragon claws you but does no damage.
You completely miss the steam dragon. The steam dragon barely misses you.
The steam dragon claws you.
You slash the steam dragon!
The steam dragon is moderately wounded.
You block the steam dragon's attack. x2
You hit the steam dragon.
The steam dragon is heavily wounded.
The steam dragon barely misses you.
The steam dragon claws you but does no damage.
You slash the steam dragon!
The steam dragon is severely wounded.
The steam dragon breathes steam at you. The ball of steam hits you!!
You hit the steam dragon.
The steam dragon is severely wounded.
You are engulfed in a cloud of scalding steam.
The steam dragon bites you! The steam dragon barely misses you.
You hit the steam dragon.
The steam dragon is almost dead.
You are engulfed in a cloud of scalding steam.
The steam dragon bites you!
You die...

... ... ...
#.# #.# #c#
#D# ## #@#
.# #¤# .#.#
#¤# .#.#
#.######.#.#
#..........#
#..........#
#..........#
#..........#
#..>.......#


You could see a steam dragon (catching breath) and a centaur.

Vanquished Creatures
  A shadow (D:5)
  An orc warrior (D:4)
  A black bear (D:4)
  A phantom (D:5)
  A scorpion (D:4)
  A necrophage (D:4)
  3 hounds
  Jessica (D:3)
  2 iguanas
  2 orc wizards
  4 gnolls (D:4)
  11 adders
  A shadow imp (D:6)
  13 orcs
  9 bats
  7 endoplasms
  2 giant cockroaches
  13 goblins
  11 hobgoblins
  13 jackals
  4 quokkas
  5 ball pythons
  3 frilled lizards
  10 kobolds
  6 rats
126 creatures vanquished.

Vanquished Creatures (others)
  2 plants (D:5)
2 creatures vanquished.

Grand Total: 128 creatures vanquished

Notes
Turn   | Place    | Note
-------+----------+-------------------------------------------
     0 | D:1      | qw the Gargoyle Fighter began the quest for the Orb.
     0 | D:1      | Reached XP level 1. HP: 14/14 MP: 1/1
     0 | D:1      | 0 ||| qw: Version: 0.1-a-119-g272c26d
     0 | D:1      | 0 ||| qw: Game counter: 11268
     0 | D:1      | 0 ||| qw: Always use a shield: true
     0 | D:1      | 0 ||| qw: God list: Okawaru
     0 | D:1      | 0 ||| qw: Allow faded altars: false
     0 | D:1      | 0 ||| qw: Do Orc after D:15 true
     0 | D:1      | 0 ||| qw: Do second Lair branch before Depths: true
     0 | D:1      | 0 ||| qw: Lair rune preference: random
     0 | D:1      | 0 ||| qw: Plans: Normal, Zot, God:TSO, Crypt, Tomb, Pan,
                  | Slime, Hells, Zig, Abyss, Orb
     0 | D:1      | 0 ||| PLANNING D:1-11
    74 | D:1      | 74 ||| Stepping ~*~*~tactically~*~*~ (stealth).
    80 | D:1      | Reached skill level 2 in Axes
   170 | D:1      | HP: 2/14 [kobold/+0 club (3)]
   174 | D:1      | Reached XP level 2. HP: 3/19 MP: 2/2
   477 | D:1      | 477 ||| Stepping ~*~*~tactically~*~*~ (stealth).
   708 | D:1      | Reached skill level 3 in Axes
   773 | D:1      | Reached XP level 3. HP: 23/23 MP: 3/3
  1103 | D:1      | 1103 ||| READING scroll labelled USCHECV KICROB.
  1104 | D:1      | 1104 ||| READING scroll labelled KOLELA QOHONT.
  1105 | D:1      | 1105 ||| READING scroll labelled LOTHRE MI HOBOE.
  1109 | D:1      | 1109 ||| READING scroll labelled HEMAICZ HEVVIMM.
  1110 | D:1      | 1110 ||| READING scroll labelled NUSIRPH QOGOUWI.
  1262 | D:2      | 1262 ||| Stepping ~*~*~tactically~*~*~ (stealth).
  1264 | D:2      | 1264 ||| Stepping ~*~*~tactically~*~*~ (stealth).
  1277 | D:2      | 1277 ||| DROPPING +0 club.
  1347 | D:2      | 1347 ||| Stepping ~*~*~tactically~*~*~ (stealth).
  1362 | D:2      | 1362 ||| Stepping ~*~*~tactically~*~*~ (stealth).
  1526 | D:2      | Found a faded altar of an unknown god.
  1535 | D:2      | 1535 ||| Stepping ~*~*~tactically~*~*~ (stealth).
  1541 | D:2      | 1541 ||| Stepping ~*~*~tactically~*~*~ (stealth).
  1543 | D:2      | 1543 ||| Stepping ~*~*~tactically~*~*~ (stealth).
  1547 | D:2      | Reached XP level 4. HP: 28/28 MP: 4/4
  1826 | D:2      | 1826 ||| UPGRADING to +0 pair of boots.
  1831 | D:2      | 1831 ||| READING scroll labelled YXUAVA MECLA.
  1832 | D:2      | 1832 ||| READING 3 scrolls of identify.
  1832 | D:2      | 1832 ||| IDENTIFYING bubbling blue potion
  1833 | D:2      | 1833 ||| READING 2 scrolls of identify.
  1833 | D:2      | 1833 ||| IDENTIFYING yellow potion
  1834 | D:2      | 1834 ||| DROPPING potion of flight.
  1861 | D:3      | Found a snail-covered altar of Cheibriados.
  1904 | D:3      | Noticed Jessica
  1905 | D:3      | Killed Jessica
  1906 | D:3      | Reached skill level 4 in Axes
  1953 | D:3      | Reached XP level 5. HP: 32/32 MP: 5/5
  2054 | D:3      | Found a sacrificial altar of Ru.
  2055 | D:3      | Found a broken altar of Ashenzari.
  2109 | D:3      | 2109 ||| Stepping ~*~*~tactically~*~*~ (stealth).
  2111 | D:3      | 2111 ||| Stepping ~*~*~tactically~*~*~ (stealth).
  2112 | D:3      | 2112 ||| Stepping ~*~*~tactically~*~*~ (stealth).
  2203 | D:3      | Found a hide-covered altar of Uskayaw.
  2290 | D:3      | Found a burning altar of Makhleb.
  2377 | D:3      | 2377 ||| UPGRADING to +0 pair of gloves.
  2382 | D:3      | 2382 ||| READING scroll labelled FIBYMP ALULO.
  2437 | D:3      | 2437 ||| READING 2 scrolls of identify.
  2437 | D:3      | 2437 ||| IDENTIFYING lumpy amethyst potion
  2438 | D:3      | 2438 ||| DRINKING potion of experience.
  2438 | D:3      | Reached skill level 12 in Axes
  2438 | D:3      | Reached XP level 6. HP: 37/37 MP: 6/6
  2448 | D:4      | 2448 ||| STAIRDANCE
  2530 | D:4      | Reached skill level 1 in Throwing
  2698 | D:4      | Noticed a black bear
  2700 | D:4      | 2700 ||| Stepping ~*~*~tactically~*~*~ (stealth).
  2703 | D:4      | 2703 ||| Stepping ~*~*~tactically~*~*~ (stealth).
  2704 | D:4      | Killed a black bear
  2705 | D:4      | Reached XP level 7. HP: 43/43 MP: 7/7
  2711 | D:4      | 2711 ||| Stepping ~*~*~tactically~*~*~ (stealth).
  2715 | D:4      | 2715 ||| Stepping ~*~*~tactically~*~*~ (hiding).
  2725 | D:4      | Found a radiant altar of Vehumet.
  2922 | D:4      | 2922 ||| Stepping ~*~*~tactically~*~*~ (stealth).
  3008 | D:4      | 3008 ||| Stepping ~*~*~tactically~*~*~ (hiding).
  3020 | D:4      | Reached skill level 1 in Dodging
  3029 | D:4      | 3029 ||| Stepping ~*~*~tactically~*~*~ (stealth).
  3046 | D:4      | HP: 6/43 [orc warrior/+0 dire flail (6)]
  3047 | D:4      | 3047 ||| DRINKING potion of heal wounds.
  3244 | D:4      | 3244 ||| Stepping ~*~*~tactically~*~*~ (stealth).
  3246 | D:4      | 3246 ||| UPGRADING to +0 chain mail.
  3261 | D:4      | 3261 ||| DROPPING +0 scale mail.
  3406 | D:4      | Found Xeusala's Antique Weapon Boutique.
  3558 | D:4      | 3558 ||| DROPPING +0 whip.
  3809 | D:4      | 3809 ||| DROPPING ring of magical power.
  3810 | D:4      | 3810 ||| READING scroll labelled QOUCEI PUTO.
  3811 | D:4      | 3811 ||| READING 2 scrolls of identify.
  3811 | D:4      | 3811 ||| IDENTIFYING green potion
  3870 | D:5      | Entered Level 5 of the Dungeon
  3920 | D:5      | Noticed a shadow
  3943 | D:5      | Killed a shadow
  3944 | D:5      | Reached XP level 8. HP: 37/49 MP: 8/8
  4095 | D:5      | 4095 ||| Stepping ~*~*~tactically~*~*~ (stealth).
  4102 | D:5      | 4102 ||| Stepping ~*~*~tactically~*~*~ (stealth).
  4103 | D:5      | 4103 ||| Stepping ~*~*~tactically~*~*~ (stealth).
  4120 | D:5      | 4120 ||| DROPPING +0 flail.
  4205 | D:5      | Found a stormy altar of Qazlal.
  4281 | D:5      | 4281 ||| Stepping ~*~*~tactically~*~*~ (stealth).
  4341 | D:5      | Found a shimmering blue altar of Sif Muna.
  4696 | D:5      | 4696 ||| UPGRADING to +0 plate armour.
  4706 | D:5      | 4706 ||| DROPPING +0 chain mail.
  4707 | D:5      | 4707 ||| READING scroll labelled MUR BUROSK.
  4708 | D:5      | 4708 ||| READING 2 scrolls of identify.
  4708 | D:5      | 4708 ||| IDENTIFYING fizzy grey potion
  4709 | D:5      | 4709 ||| DROPPING potion of ambrosia.
  4813 | D:6      | 4813 ||| Stepping randomly (cloudy).
  4814 | D:6      | 4814 ||| Stepping randomly (cloudy).
  4820 | D:6      | HP: 11/49 [steam dragon/ball of steam (18)]
  4821 | D:6      | HP: 4/49 [steam dragon (7)]
  4822 | D:6      | Slain by a steam dragon

Levels and vault maps discovered:
D:1:      dpeg_arrival_oval, layout_basic, st_stairs_8
D:2:      layout_rooms, hellmonk_ecumenical_altar_blasted, moated_statue
D:3:      layout_rooms, gammafunk_temple_overflow_statue,
          nicolae_uskayaw_dance_hall, marbit_many_paths,
          mainiacjoe_overflow_tiny_flanked, minmay_unequal, uniq_jessica
D:4:      layout_loops_ring, vehumet_altar_wand_db, serial_shops,
          nicolae_shop_window_shopping, minmay_surrounded
D:5:      layout_gridville, lemuel_crystal_altar, nicolae_sif_muna_condensation,
          serial_bayou_lake_a
D:6:      layout_basic, mainiacjoe_overflow_24_doors,
          minmay_temple_entry_statues

Skill      XL: |  1  2  3  4  5  6  7  8 |
---------------+-------------------------+-----
Axes           | 2 3 4 12 | 12.0
Throwing       | 1 2 |  2.8
Fighting       | 4 5 |  5.0
Dodging        | 1 |  1.0
Armour         | 4 |  4.2
Shields        | |  3.2

Action                   |  1- 3 |  4- 6 |  7- 9 || total
-------------------------+-------+-------+-------++-------
Melee: War axe           |   131 |    77 |   167 ||   375
Throw: Boomerang         |    24 |    34 |     4 ||    62
       Javelin           |       |       |    36 ||    36
  Use: Scroll            |     5 |     5 |     4 ||    14
       Potion            |       |     1 |     1 ||     2
Armor: Scale mail        |    95 |    39 |    16 ||   150
       Chain mail        |       |       |    56 ||    56
       Skin              |       |       |     6 ||     6
       Plate armour      |       |       |    10 ||    10
Dodge: Dodged            |    55 |    32 |    47 ||   134
Block: Buckler           |    42 |    19 |    23 ||    84

Table legend:
 A = Non-vault XP
 B = Vault XP
 C = Vault XP percentage of total XP
 D = Non-vault monster count
 E = Vault monster count
 F = Vault count percentage of total count
                 A         B        C        D         E       F
            +---------+---------+-------+---------+---------+-------
      Total |    1129 |     337 |  23.0 |     112 |      14 |  11.1
            +---------+---------+-------+---------+---------+-------
        D:1 |      43 |       2 |   4.4 |      26 |       1 |   3.7
        D:2 |      45 |       0 |   0.0 |      20 |       0 |   0.0
        D:3 |      78 |      57 |  42.2 |      15 |       5 |  25.0
        D:4 |     463 |     278 |  37.5 |      31 |       8 |  20.5
        D:5 |     489 |       0 |   0.0 |      19 |       0 |   0.0
        D:6 |      11 |       0 |   0.0 |       1 |       0 |   0.0
            +---------+---------+-------+---------+---------+-------
